 Dungeon Crawl Stone Soup version 0.29.1-2-gbd0b4ee654 (webtiles) character file.

Game seed: 4802685453799991564

9 Raikaria the Grasshopper (level 2, 0/29 HPs)
             Began as an Ogre Warper on Nov 7, 2022.
             Slain by a hobgoblin (3 damage)
             ... on level 1 of the Dungeon.
             The game lasted 00:00:43 (377 turns).

Raikaria the Grasshopper (Ogre Warper)               Turns: 377, Time: 00:00:44

Health: 0/29       AC:  3    Str: 14    XL:     2   Next: 16%
Magic:  5/5        EV:  9    Int: 14    God:
Gold:   0          SH:  0    Dex:  8    Spells: 6/6 levels left

rFire   . . .      SeeInvis .   a - +0 mace
rCold   . . .      Faith    .   (no shield)
rNeg    . . .      Spirit   .   b - +0 robe
rPois   .          Reflect  .   (helmet restricted)
rElec   .          Harm     .   (no cloak)
rCorr   .          Rampage  .   (gloves unavailable)
Will    .....                   (boots unavailable)
Stlth   +.........              (no amulet)
HPRegen 0.09/turn               (no ring)
MPRegen 0.09/turn               (no ring)

@: no status effects
A: large, unfitting armour, tough skin 1
a: no special abilities


You were on level 1 of the Dungeon.
You visited 1 branch of the dungeon, and saw 2 of its levels.

Inventory:

Hand Weapons
 a - a +0 mace (weapon)
Missiles
 d - 7 boomerangs of dispersal (quivered)
Armour
 b - a +0 robe (worn)
Scrolls
 c - a scroll of blinking
 e - a scroll of enchant weapon {unknown}
Potions
 f - a potion of curing {unknown}


   Skills:
 + Level 2.9 Fighting
 + Level 2.0 Maces & Flails
 - Level 1.0 Throwing
 - Level 2.1 Dodging
 + Level 2.5 Spellcasting
 + Level 3.0 Translocations


You had 6 spell levels left.
You didn't know any spells.
Your spell library contained the following spells:

 Spells                   Type           Power      Damage    Failure   Level
 Blink                    Tloc           20%        N/A       10%         2
 Gell's Gravitas          Tloc           10%        N/A       21%         3
 Lesser Beckoning         Tloc           10%        N/A       21%         3
 Teleport Other           Tloc           10%        N/A       21%         3
 Manifold Assault         Tloc           10%        N/A       88%         5


Dungeon Overview and Level Annotations

Branches:
Dungeon (2/15)

Altars:


Innate Abilities, Weirdness & Mutations

You are too large for most types of armour.
You have tough skin. (AC +1)


Message History

A kobold comes into view. It is wielding a +0 dagger.
Found a green potion.
The kobold shouts!
Found a scroll labelled EROMAQ QUMIEL.
The hobgoblin closely misses you. The kobold hits you with a +0 dagger.
You closely miss the hobgoblin.
The hobgoblin hits you but does no damage.
The kobold barely misses you. The kobold hits you with a +0 dagger.
The hobgoblin hits you.
You closely miss the hobgoblin. The hobgoblin hits you.
The kobold closely misses you.
You hit the hobgoblin.
The hobgoblin is moderately wounded.
The hobgoblin hits you. The kobold closely misses you.
You hit the hobgoblin.
The hobgoblin is heavily wounded.
The hobgoblin hits you but does no damage.
The kobold hits you but does no damage. The hobgoblin barely misses you.
The hobgoblin attacks as you move away! The hobgoblin hits you.
Things that are here:
a +0 dagger; a goblin corpse The hobgoblin attacks as you move away!
The hobgoblin hits you but does no damage.
The hobgoblin attacks as you move away! The hobgoblin hits you.
* * * LOW HITPOINT WARNING * * *
You hit the hobgoblin but do no damage. The hobgoblin hits you.
* * * LOW HITPOINT WARNING * * *
The hobgoblin barely misses you.
You hit the hobgoblin.
The hobgoblin is heavily wounded.
The hobgoblin hits you.
* * * LOW HITPOINT WARNING * * *
You closely miss the hobgoblin.
The hobgoblin is heavily wounded.
The hobgoblin hits you but does no damage.
You hit the hobgoblin but do no damage. Your punch misses the hobgoblin.
The hobgoblin is heavily wounded.
The hobgoblin hits you.
You die...

#.........# #.........#
#......#.....
#..#####.#### #..#
#b#.#P# #####.
#.####.###.### ......
#.##.P......P# ......
#..##############......
##.........@gK.........
#############.........
#b.P....PP#)........
###########.!.......
#......... #.....####
............#
............#
............#


You could see a hobgoblin and a kobold.

Vanquished Creatures
  2 endoplasms
  A goblin (D:1)
  3 hobgoblins
  2 frilled lizards (D:1)
8 creatures vanquished.

Notes
Turn   | Place    | Note
-------+----------+-------------------------------------------
     0 | D:1      | Raikaria the Ogre Warper began the quest for the Orb.
     0 | D:1      | Reached XP level 1. HP: 22/22 MP: 3/3
   355 | D:1      | Reached XP level 2. HP: 22/29 MP: 5/5
   359 | D:1      | Reached skill level 3 in Translocations
   377 | D:1      | Slain by a hobgoblin

Illustrated notes

Levels and vault maps discovered:
D:1:      saegor_arrival_simple_e, layout_basic, serial_aquarium,
          aquarium_bridge_straight [aquarium_subvault_bridge,
          aquarium_subvault_balcony, aquarium_subvault_bridge,
          aquarium_subvault_wall], aquarium_window_fake, aquarium_window_2,
          aquarium_window_1, aquarium_window_corner, aquarium_view_2e,
          aquarium_view_2b, aquarium_balcony_1b, serial_shops,
          nicolae_lakefront_shop, grunt_decor_resistance, roderic_lattice_a,
          minmay_misc_feat_five
D:2:      layout_loops_ring, basic_ecumenical_altar,
          pf_guarded_unrand_woodcutter

Skill      XL: |  1  2 |
---------------+-------+-----
Maces & Flails | 2 |  2.0
Translocations | 3 |  3.0
Fighting       | |  2.9
Throwing       | |  1.0
Dodging        | |  2.1
Spellcasting   | |  2.5

Action                   || total
-------------------------++-------
Melee: Mace              ||    37
Armor: Robe              ||    15
Dodge: Dodged            ||    12
